 Dungeon Crawl Stone Soup version 0.26-a0-683-g5206c1d7ac (webtiles) character file.

Game seed: 14853764438488892962

266 snetch the Chopper (level 6, 0/53 HPs)
             Began as a Hill Orc Monk on Oct 22, 2020.
             Was a Believer of Beogh.
             Slain by a quokka (2 damage)
             ... summoned by Eustachio
             ... on level 4 of the Dungeon.
             The game lasted 00:11:49 (3864 turns).

snetch the Chopper (Hill Orc Monk)                  Turns: 3864, Time: 00:11:50

Health: 0/53       AC:  5    Str: 16      XL:     6   Next: 20%
Magic:  0/6        EV:  7    Int: 10      God:    Beogh [**....]
Gold:   104        SH:  4    Dex: 11 (13) Spells: 5/5 levels left

rFire    . . .     SeeInvis .   a - +0 hand axe
rCold    . . .     Faith    .   d - +0 buckler
rNeg     . . .     Spirit   +   s - +0 chain mail
rPois    .         Reflect  .   (no helmet)
rElec    .         Harm     .   (no cloak)
rCorr    .         Rampage  .   (no gloves)
MR       .....                  v - +0 pair of boots
Stlth    ..........             k - amulet of guardian spirit
HPRegen  0.17/turn              t - -4 ring of protection (curse)
MPRegen  0.10/turn              (no ring)

@: no status effects
A: no striking features
a: Smiting, Renounce Religion


You were on level 4 of the Dungeon.
You worshipped Beogh.
Beogh was pleased with you.
You visited 1 branch of the dungeon, and saw 5 of its levels.

You collected 104 gold pieces.

Inventory:

Hand Weapons
 a - a +0 hand axe (weapon)
 b - a +0 flail
Missiles
 c - 93 stones
 e - 22 arrows
 f - 47 sling bullets
 q - 53 bolts
 y - 3 boomerangs (quivered)
Armour
 d - a +0 buckler (worn)
 s - a +0 chain mail (worn)
 v - a +0 pair of boots (worn)
Jewellery
 k - an amulet of guardian spirit (around neck)
 n - an uncursed ring of wizardry
 o - the amulet of Reulec {Inacc MP+9 Str+3}
   (You found it on level 4 of the Dungeon)

   [amulet of inaccuracy]

   It reduces the accuracy of all your attacks.
   It affects your strength (+3).
   It affects your magic capacity (+9).
 t - a cursed -4 ring of protection (left hand)
Wands
 g - a wand of digging (7)
Scrolls
 j - 3 scrolls of blinking {unknown}
 r - 2 scrolls of identify {unknown}
 u - 2 scrolls of teleportation {unknown}
 w - 2 scrolls of remove curse {unknown}
 x - a scroll of magic mapping {unknown}
 z - a scroll of fear {unknown}
Potions
 h - a potion of haste {unknown}
 i - a potion of curing {unknown}
 l - a potion of lignification {unknown}


   Skills:
 + Level 4.5 Fighting
 * Level 6.8 Axes
 + Level 0.6 Armour
 + Level 3.3 Dodging
 + Level 1.8 Stealth
 + Level 1.6 Shields


You had 5 spell levels left.
You didn't know any spells.
Your spell library was empty.

Dungeon Overview and Level Annotations

Branches:
Dungeon (5/15)
 Temple: D:4-7

Altars:
Nemelex Xobeh
Ru
Sif Muna

Annotations:
D:4 Eustachio


Message History

The quokka bites you but does no damage.
Eustachio hits you with a +0 rapier.
* * * LOW HITPOINT WARNING * * *
You hit the howler monkey skeleton.
You destroy the howler monkey skeleton!
Beogh accepts your kill.
You hit Eustachio. You closely miss the quokka.
The bat hits you but does no damage. The quokka bites you.
Unknown command.
You barely miss Eustachio.
Eustachio is heavily wounded.
You hit the quokka. The bat hits you.
* * * LOW HITPOINT WARNING * * *
Eustachio casts a spell.
Eustachio blinks!
The quokka bites you.
* * * LOW HITPOINT WARNING * * *
The bat hits you but does no damage.
You hit the bat but do no damage. You closely miss the quokka.
The bat closely misses you. The quokka bites you.
You die...

........# .........).(.....
........# ..........)......
........# #####..##)......
........#############.# .......
........##............##...5...
........##.............#.......
....##...#...........#.#....(..
....##...#.....(.....#..###.###
.........#.....r@...(##.# ..
.........#.....b.ยง...# .#
....................[.#..
....##................##.##.#
....##.....@..###.....# ..#.#
....###.#.....# #.....# #.#.#
..............# #......# ...#
..........##### ......###..#
####......# ........#


You could see Eustachio, a quokka (summoned) and a bat (summoned).

Vanquished Creatures
  A centaur skeleton (D:3)
  An iguana (D:4)
  A howler monkey zombie (D:3)
  A howler monkey skeleton (D:4)
  8 adders
  A worm (D:4)
  5 dart slugs
  3 leopard geckos
  12 orcs
  5 bats
  6 giant cockroaches
  11 goblins
  10 hobgoblins
  7 jackals
  A quokka (D:3)
  2 ball pythons (D:1)
  3 frilled lizards
  9 kobolds
  A leopard gecko zombie (D:3)
  A quokka skeleton (D:3)
  6 rats
95 creatures vanquished.

Vanquished Creatures (others)
  3 jackals (D:3)
  A rat (D:3)
  2 withered plants (D:3)
6 creatures vanquished.

Grand Total: 101 creatures vanquished

Notes
Turn   | Place    | Note
-------+----------+-------------------------------------------
     0 | D:1      | snetch the Hill Orc Monk began the quest for the Orb.
     0 | D:1      | Reached XP level 1. HP: 19/19 MP: 1/1
   300 | D:1      | Reached XP level 2. HP: 23/27 MP: 2/2
   491 | D:1      | Found a sparkling altar of Nemelex Xobeh.
   528 | D:2      | Reached XP level 3. HP: 19/33 MP: 3/3
  1247 | D:2      | Reached XP level 4. HP: 24/40 MP: 4/4
  1452 | D:2      | Reached skill level 1 in Shields
  1620 | D:3      | Reached skill level 5 in Axes
  1653 | D:3      | Became a worshipper of Beogh the Brigand
  1653 | D:3      | Reached * piety under Beogh
  1653 | D:3      | Reached ** piety under Beogh
  1671 | D:3      | Reached XP level 5. HP: 11/46 MP: 2/5
  1954 | D:4      | Got a scintillating copper amulet
  1965 | D:4      | Identified the amulet of Reulec {Inacc MP+9 Str+3} (You
                  | found it on level 4 of the Dungeon)
  2068 | D:5      | Entered Level 5 of the Dungeon
  2280 | D:2      | Found a faded altar of an unknown god.
  2285 | D:2      | Reached skill level 6 in Axes
  2730 | D:2      | Found a shimmering blue altar of Sif Muna.
  3253 | D:3      | Reached XP level 6. HP: 50/53 MP: 6/6
  3490 | D:3      | Found a sacrificial altar of Ru.
  3796 | D:4      | Noticed Eustachio
  3863 | D:4      | HP: 1/53 [quokka[Eustachio] (2)]
  3864 | D:4      | Slain by a quokka

Illustrated notes

Levels and vault maps discovered:
D:1:      minmay_arrival_statue_studded, layout_basic, glass_columns_a,
          nemelex_diamond_rough_becter
D:2:      layout_rooms, lemuel_coloured_pillars_altar,
          chequers_ecumenical_altar_island
D:3:      layout_basic, serial_undead, serial_undead_e, serial_undead_c,
          serial_undead_f, serial_undead_e, nicolae_ru_path_of_blood
D:4:      layout_basic, serial_park_tiny_2, uniq_eustachio
D:5:      layout_loops_ring, grunt_temple_overflow_open,
          minmay_temple_entry_statues_pillars

Skill      XL: |  1  2  3  4  5 |
---------------+----------------+-----
Fighting       | 4 |  4.5
Dodging        | 3 |  3.3
Shields        | 1 |  1.6
Axes           | 5 6 |  6.8
Armour         | |  0.6
Stealth        | |  1.8

Action                   |  1- 3 |  4- 6 || total
-------------------------+-------+-------++-------
Melee: Hand axe          |   129 |   261 ||   390
Throw: Dart              |       |    10 ||    10
       Stone             |       |     2 ||     2
       Boomerang         |       |     1 ||     1
Invok: Convert to Beogh  |       |     1 ||     1
  Use: Potion            |       |     3 ||     3
 Stab: Sleeping          |       |     1 ||     1
Armor: Robe              |    28 |     6 ||    34
       Chain mail        |       |   164 ||   164
Dodge: Dodged            |    95 |   170 ||   265
Block: Buckler           |    15 |    65 ||    80

Table legend: (Time is in decaauts)
 A = Elapsed time spent in this place.
 B = Non-inter-level travel time spent in this place.
 C = Inter-level travel time spent in this place.
 D = Time resting spent in this place.
 E = Time spent auto-exploring this place.
 F = Levels seen in this place.
 G = Mean time per level.
                   A        B        C        D        E       F      G
               +--------+--------+--------+--------+--------+-----+--------+
         Total |   3899 |   3833 |     66 |    581 |   2103 |   5 |  779.8 |
       Dungeon |   3899 |   3833 |     66 |    581 |   2103 |   5 |  779.8 |
               +--------+--------+--------+--------+--------+-----+--------+

Top non-repeatable levels by time:
     D:2: 1314 daAuts
     D:1: 1307 daAuts
     D:3: 764 daAuts
     D:4: 468 daAuts
     D:5: 44 daAuts
